AoeStats
← arsenikos1329

Scandinavia

510411330Analyzed
1v1 RM · 3d ago on Sep 30, 2026· 88m 47s· 2 players
Game mode
Random Map
Map size
Tiny (2 player)
Population
200
Speed
Normal
Resources
Standard
Victory
Conquest
Starting age
Dark Age
Ending age
Imperial Age
RankedLock teamsTeams togetherTeam positionsShared explorationLock speedFull tech treeHidden civsTurbo modeCheats
Victory
Defeat
🇺🇸 Ethiopians · United States
890
+16
🇺🇸 Malay · United States
882
-16
arsenikos1329
6:23 Loom
11:45 Feudal Age
11:20 Double-Bit Axe
15:52 Fletching
16:57 Wheelbarrow
22:07 Castle Age
20:11 Padded Archer Armor
23:04 Bow Saw
26:00 Scale Barding Armor
25:47 Crossbowman
26:32 Bodkin Arrow
34:26 Husbandry
39:06 Medium Warships
43:46 Imperial Age
42:39 Capped Ram
43:56 Heavy Warships
44:37 Thumb Ring
43:54 Arbalester
44:37 Bracer
45:16 Conscription
46:13 Thalassocracy
47:48 Chemistry
47:11 Ballistics
52:20 Chemistry
51:53 Forging
64:25 Elite Battle Elephant
65:38 Fishing Lines
66:24 Town Watch
66:55 Hand Cart
67:01 Hand Cart
66:38 Horse Collar
67:52 Heavy Plow
68:29 Town Patrol
69:03 Elite Skirmisher
75:16 Siege Engineers
80:20 Elite Cannon Galleon
83:46 Onager
vitalpilotace
1:55 Loom
10:23 Feudal Age
10:51 Town Watch
18:31 Castle Age
17:09 Horse Collar
17:18 Double-Bit Axe
18:25 Fletching
30:44 Murder Holes
31:00 Fortified Wall
34:29 Scale Mail Armor
37:38 Wheelbarrow
44:09 Imperial Age
41:43 Heavy Plow
42:43 Ballistics
43:55 Guard Tower
44:11 Squires
44:23 Forging
44:29 Chain Mail Armor
45:53 Chemistry
45:20 Bodkin Arrow
45:18 Onager
47:36 Siege Engineers
47:56 Conscription
48:38 Iron Casting
48:33 Plate Mail Armor
47:52 Arson
49:06 Bow Saw
49:14 Hand Cart
48:52 Gold Mining
48:52 Stone Mining
49:41 Bracer
49:52 Fishing Lines
50:37 Elite Shotel Warrior
51:57 Medium Warships
52:14 Medium Warships
53:10 Two-Man Saw
52:12 Town Patrol
52:07 Stone Mining
53:08 Gold Shaft Mining
54:57 Plate Mail Armor
55:27 Blast Furnace
54:30 Royal Heirs
55:00 Capped Ram
56:33 Heavy Scorpion
58:26 Heavy Warships
57:37 Siege Ram
59:53 Torsion Engines
61:06 Siege Onager
64:33 Gillnets
64:15 Halberdier
66:45 Elite Skirmisher
67:30 Thumb Ring
67:28 Padded Archer Armor
67:35 Scale Barding Armor
68:03 Shipwright
67:55 Clinker Construction
68:13 Careening
69:10 Stone Shaft Mining
71:09 Dry Dock
71:25 Keep
70:41 Heated Shot
71:01 Masonry
70:26 Demolition Ship
75:47 Leather Archer Armor
75:52 Chain Barding Armor
76:06 Architecture
81:46 Ring Archer Armor
80:52 Sappers
87:36 Crossbowman
87:37 Heavy Cavalry Archer
Connection lost

Rejoining the realm…

Still unreachable

The connection could not be restored.

Session expired

The server has moved on; the page needs a fresh start.